cohdb
Replays
Latest Replays
All Replays
Popular Replays
Top Player Replays
Match Explorer
How It Works
Community
CoH3 Stats
Reddit
Sign in to upload your games and track your stats! →
Sign in with Steam
Match 40974362
Unlisted
Match 40974362
Overview
Messages
Build Orders
End
Kradschützen Motorcycle Team
Panzergrenadier Squad
Panzergrenadier Squad
Selects Battlefield Espionage Battlegroup
Selects Sector Subterfuge Beacon
Panzergrenadier Squad
Construct Light Support Kompanie
2.5-tonne Medical Truck
Selects 250/3 Funkpanzerwagen
Panzerjäger Mechanized Group
Fire Support Elements
Veteran Squad Leaders
2.5-tonne Medical Truck
Construct Panzerarmee Kommand
Selects Anti-Tank Incendiary Munitions
Pak 38 Mechanized Group
Armored Reserves
Panzergrenadier Squad
Panzer IV Assault Group
ashilrye
Rommels Zirkus
Rei
⚓️Ruby⚓
0
0
Comments
sign in to comment!
No comments posted yet!